 Dungeon Sprint DCSS version 0.31-a0-846-gb3bcc0d938 (webtiles) character file.

Game seed: 12889126116430608695

111 sircluck the Ruffian (level 4, -2/50 HPs)
             Began as a Troll Berserker on Oct 3, 2023.
             Was a Believer of Trog.
             Slain by a slime creature (7 damage)
             ... in the Dungeon (Sprint I: "Red Sonja").
             The game lasted 00:00:24 (57 turns).

sircluck the Ruffian (Troll Berserker)                Turns: 57, Time: 00:00:24

Health: -2/50      AC:  4    Str: 27    XL:     4   Next: 62%
Magic:  3/3        EV: 10    Int:  3    God:    Trog [**....]
Gold:   162        SH:  0    Dex:  9    Spells: 3/3 levels left

rFire   . .          .
                       - Unarmed
rCold   . . .        (no shield)
rNeg    . . .        a - +0 animal skin
rPois   .            (helmet restricted)
rElec   .            (no cloak)
rCorr   .            (gloves unavailable)
SInv    .            (boots unavailable)
Will    .....        (no amulet)
Stlth   +            (no ring)
HPRegen 1.08/turn    (no ring)
MPRegen 0.08/turn

%: no teleportation
@: no status effects
A: large, unfitting armour, claws 3, regeneration 1, shaggy fur 1, tough skin 1
a: Renounce Religion, Berserk, Trog's Hand


You were in the Dungeon.
You worshipped Trog.
Trog was pleased with you.
You visited 1 branch You collected 162 gold pieces.

Inventory:

Armour
 a - a +0 animal skin (worn)
Wands
 h - a wand of polymorph (7)
Scrolls
 g - a scroll of blinking
Potions
 b - a potion of curing
 c - a potion of heal wounds
 d - a potion of haste
 e - 2 potions of magic
 f - a potion of berserk rage


   Skills:
 + Level 5.1 Fighting
 + Level 5.0 Dodging
 + Level 6.0 Unarmed Combat


You had 3 spell levels left.
You didn't know any spells.
Your spell library was empty.

Dungeon Overview and Level Annotations

Branches:
Dungeon (1/1)

Altars:
Makhleb
Xom
Jiyva
Lugonu


Innate Abilities, Weirdness & Mutations

You are too large for most types of armour.
You have claws for hands.
Your natural rate of healing is unusually fast.
You are covered in fur. (AC +1)
You have tough skin. (AC +1)


Message History

Sigmund evaporates and reforms as a goblin!
Sigmund closely misses you.
There is an open door here.
You barely miss Sigmund.
Sigmund picks up a +0 robe.
Sigmund wears a +0 robe.
You claw Sigmund!
You kill Sigmund!
Trog accepts your kill.
You can now call upon Trog for regeneration and willpower.
Sigmund returns to his original shape as he dies.
Things that are here:
a +0 robe; a +0 scythe; the human corpse of Sigmund You open the door.
Found 108 gold pieces.
There is an open door here.
You now have 81 gold pieces (gained 27).
You now have 108 gold pieces (gained 27).
You now have 135 gold pieces (gained 27).
You now have 162 gold pieces (gained 27).
As you open the door, it creaks loudly!
A slime creature comes into view.
Found four altars.
The slime creature misses you.
There is an open door here.
You scratch the slime creature.
The slime creature is lightly wounded.
The slime creature hits you!
You mangle the slime creature!!
The slime creature is heavily wounded.
The slime creature hits you!
You claw the slime creature!
The slime creature is severely wounded.
The slime creature hits you!!
* * * LOW HITPOINT WARNING * * *
You scratch the slime creature.
The slime creature is severely wounded.
The slime creature completely misses you.
You scratch the slime creature.
The slime creature is severely wounded.
The slime creature hits you!
You die...

###################
#<.#..').#..'..#__#
#..').#..'[.#..@J.+
#..#####'#####+#__#
#..# #..# ### #..#
#### #..# #⌠⌠# ####


You could see a slime creature.

Vanquished Creatures
  An ogre (D)
  Ijyb (D)
  A goblin (D)
3 creatures vanquished.

Notes
Turn   | Place    | Note
-------+----------+-------------------------------------------
     0 | D        | sircluck the Troll Berserker began the quest for the Orb.
     0 | D        | Reached XP level 1. HP: 22/22 MP: 0/0
     1 | D        | Noticed Ijyb
    10 | D        | Killed Ijyb
    11 | D        | Reached skill level 4 in Unarmed Combat
    11 | D        | Reached XP level 2. HP: 25/31 MP: 1/1
    15 | D        | Noticed an ogre
    20 | D        | Killed an ogre
    21 | D        | Reached skill level 5 in Fighting
    21 | D        | Reached skill level 5 in Dodging
    21 | D        | Reached skill level 6 in Unarmed Combat
    21 | D        | Reached XP level 3. HP: 42/42 MP: 2/2
    21 | D        | Reached XP level 4. HP: 50/50 MP: 3/3
    31 | D        | Noticed Sigmund
    33 | D        | Sigmund changed into Sigmund the goblin
    33 | D        | Noticed Sigmund
    36 | D        | Killed Sigmund the goblin
    36 | D        | Reached ** piety under Trog
    51 | D        | Found a burning altar of Makhleb.
    51 | D        | Found a viscous altar of Jiyva.
    51 | D        | Found a shimmering altar of Xom.
    51 | D        | Found a corrupted altar of Lugonu.
    51 | D        | Noticed a slime creature
    57 | D        | Slain by a slime creature

Illustrated notes

Levels and vault maps discovered:
D:        dungeon_sprint_1 [red_sonja_temple_1, red_sonja_temple_small_1]

Skill      XL: |  1  2 |
---------------+-------+-----
Fighting       | 3 5 |  5.1
Dodging        | 3 5 |  5.0
Unarmed Combat | 4 6 |  6.0

Action                     |  1- 3 |  4- 6 || total
---------------------------+-------+-------++-------
  Melee: Unarmed           |    12 |     7 ||    19
  Evoke: Wand              |       |     2 ||     2
 Armour: Animal skin       |     5 |     5 ||    10
  Dodge: Dodged            |     5 |     3 ||     8

Table legend: (Time is in decaauts)
 A = Elapsed time spent in this place.
 B = Non-inter-level travel time spent in this place.
 C = Inter-level travel time spent in this place.
 D = Time resting spent in this place.
 E = Time spent auto-exploring this place.
 F = Levels seen in this place.
 G = Mean time per level.
                   A        B        C        D        E       F      G
               +--------+--------+--------+--------+--------+-----+--------+
         Total |     55 |     55 |      0 |      0 |     11 |   1 |   55.0 |
       Dungeon |     55 |     55 |      0 |      0 |     11 |   1 |   55.0 |
               +--------+--------+--------+--------+--------+-----+--------+

Top non-repeatable levels by time:
       D: 55 daAuts
